AoeStats
← Crisrojo

QS Arena

503117166Analyzed
1v1 RM · 11d ago on Aug 30, 2026· 14m 20s· 2 players
Game mode
Random Map
Map size
Tiny (2 player)
Population
200
Speed
Normal
Resources
Standard
Victory
Conquest
Starting age
Dark Age
Ending age
Imperial Age
RankedLock teamsTeams togetherTeam positionsShared explorationLock speedFull tech treeHidden civsTurbo modeCheats
Victory
Defeat
🇦🇷 Turks · Argentina
672
+17
🇮🇹 Persians · Italy
688
-17
Crisrojo
8:49 Feudal Age
9:00 Feudal Age
13:51 Castle Age
SerMalerba
2:24 Loom
8:16 Feudal Age
8:43 Double-Bit Axe
8:41 Horse Collar
16:50 Castle Age
Connection lost

Rejoining the realm…

Still unreachable

The connection could not be restored.

Session expired

The server has moved on; the page needs a fresh start.